 Dungeon Crawl Stone Soup version 0.20.0-4-g10b340a (webtiles) character file.

43 Larmestyx the Sneak (level 3, 0/17 HPs)
             Began as a Vine Stalker Enchanter on May 27, 2017.
             Succumbed to an adder's poison
             ... on level 2 of the Dungeon.
             The game lasted 00:09:22 (1297 turns).

Larmestyx the Sneak (Vine Stalker Enchanter)        Turns: 1297, Time: 00:09:23

Health: 0/17       AC:  2    Str: 10    XL:     3   Next: 58%
Magic:  5/7        EV: 17    Int: 15    God:
Gold:   80         SH:  0    Dex: 20    Spells: 5/6 levels left

rFire    . . .     SeeInvis .   a - +1 dagger
rCold    . . .     Gourm    .   (no shield)
rNeg     . . .     Faith    .   b - +0 robe
rPois    .         Spirit   +   (no helmet)
rElec    .         Reflect  .   (no cloak)
rCorr    .         Harm     .   (no gloves)
MR       .....                  (no boots)
Stlth    ++++......             (no amulet)
Regen    0.1/turn               (no ring)
MPRegen  0.1/turn               (no ring)

@: agile, lethally poisoned (0 -> -6), drained
A: fangs 2, magic shield, antimagic bite, no potion heal 3, rot immunity
a: no special abilities


You were on level 2 of the Dungeon.
You were not hungry.

You visited 1 branch of the dungeon, and saw 2 of its levels.

You collected 80 gold pieces.

Inventory:

Hand Weapons
 a - a +1 dagger (weapon)
Armour
 b - a +0 robe (worn)
Scrolls
 g - a scroll of blinking {unknown}
 h - a scroll of fog
 j - a scroll of magic mapping {unknown}
Books
 c - a book of Maledictions

   Spells                             Type                      Level
   a - Corona                         Hexes                        1
   b - Ensorcelled Hibernation        Hexes/Ice                    2
   c - Confuse                        Hexes                        3
   d - Tukima's Dance                 Hexes                        3
   e - Dazzling Spray                 Conjuration/Hexes            3
Comestibles
 d - a bread ration


   Skills:
 + Level 0.5(0.3) Fighting
 * Level 1.6(1.4) Short Blades
 + Level 1.8(1.7) Dodging
 + Level 4.3(4.2) Stealth
 + Level 2.1(2.0) Spellcasting
 + Level 3.3(3.1) Hexes


You had 5 spell levels left.
You knew the following spells:

 Your Spells              Type           Power        Failure   Level  Hunger
a - Corona                Hex            ##.....      6%          1    #......


Dungeon Overview and Level Annotations

Branches:
Dungeon (2/15)

Altars:

Annotations:
D:2 Terence


Innate Abilities, Weirdness & Mutations

You have extremely sharp teeth.
When hurt, damage is shared between your health and your magic reserves.
Your bite disrupts and absorbs the magic of your enemies.
Potions cannot restore your health.
You are immune to rotting.


Message History

j - a scroll labeled XUHEBE BILA
* * * LOW HITPOINT WARNING * * *
You feel sick.
It was a potion of agility.
You feel agile all of a sudden.
* * * LOW HITPOINT WARNING * * *
You feel sick.
As you read the scroll labeled ENONUI GAYSHI, it crumbles to dust.
It is a scroll of identify.
h - a scroll of fog
As you read the scroll labeled ZONUOSMITTOE, it crumbles to dust.
You feel strangely unstable.
It was a scroll of teleportation.
* * * LOW HITPOINT WARNING * * *
You feel sick.
Unknown command.
Unknown command.
* * * LOW HITPOINT WARNING * * *
You feel sick.
Your surroundings seem slightly different.
You die...

...................###
.....#.#.............#
...###.....###........
.### #................
######....#.......####
.....................#
######...>........##..
##...........# .
#...#.....@.#
#...#.......# ###
#.......# #.......#
#.......# ####....#
#....# ######


There were no monsters in sight!

Vanquished Creatures
  An adder (D:2)
  3 dart slugs
  A leopard gecko (D:1)
  4 bats
  3 giant cockroaches
  2 goblins
  2 hobgoblins (D:1)
  A frilled lizard (D:1)
  5 kobolds
  6 rats
28 creatures vanquished.

Notes
Turn   | Place    | Note
-------+----------+-------------------------------------------
     0 | D:1      | Larmestyx the Vine Stalker Enchanter began the quest for the Orb.
     0 | D:1      | Reached XP level 1. HP: 9/9 MP: 4/4
    21 | D:1      | Reached skill level 1 in Short Blades
   273 | D:1      | You fall through a shaft!
   288 | D:1      | Reached XP level 2. HP: 13/13 MP: 6/6
   643 | D:1      | Reached skill level 4 in Stealth
  1066 | D:2      | Reached XP level 3. HP: 14/16 MP: 7/7
  1245 | D:2      | Noticed Terence
  1297 | D:2      | Succumbed to an adder's poison

Skill      XL: |  1  2 |
---------------+-------+-----
Short Blades   | 1 |  1.6
Stealth        | 4 |  4.3
Fighting       | |  0.5
Dodging        | |  1.8
Spellcasting   | |  2.1
Hexes          | |  3.3

Action                   || total
-------------------------++-------
Melee: Dagger            ||    82
       Bite              ||    19
  Use: Scroll            ||     2
       Potion            ||     1
 Stab: Sleeping          ||    11
  Eat: Chunk             ||     1
Armor: Robe              ||    12
Dodge: Dodged            ||    32
